 Dungeon Crawl Stone Soup version 0.26-a0-52-gd53d4cd058 (webtiles) character file.

Game seed: 12184543576727380362

159 MarredHen the Stinger (level 5, -10/37 HPs)
             Began as a Gnoll Venom Mage on June 6, 2020.
             Was a Follower of Elyvilon.
             Mangled by a hornet (13 damage)
             ... on level 3 of the Dungeon.
             The game lasted 00:05:53 (2941 turns).

MarredHen the Stinger (Gnoll Venom Mage)            Turns: 2941, Time: 00:05:54

Health: -10/37     AC:  2    Str: 11    XL:     5   Next: 40%
Magic:  11/12      EV: 12    Int: 18    God:    Elyvilon [*.....]
Gold:   109        SH:  7    Dex: 15    Spells: 11/14 levels left

rFire    . . .     SeeInvis .   n - +2 short sword (holy)
rCold    . . .     Gourm    .   f - +0 kite shield
rNeg     . . .     Faith    +   a - +0 robe
rPois    .         Spirit   .   (no helmet)
rElec    .         Reflect  .   (no cloak)
rCorr    .         Harm     .   (no gloves)
MR       .....                  (no boots)
Stlth    +++.......             j - amulet of faith
HPRegen  0.12/turn              (no ring)
MPRegen  0.13/turn              (no ring)

@: lethally poisoned (-10 -> -22), very slightly contaminated, slowed, very slow
A: distributed training, fangs 1, strong nose
a: Lesser Healing, Divine Protection, Renounce Religion


You were on level 3 of the Dungeon.
You worshipped Elyvilon.
Elyvilon was aware of your devotion.
You were hungry.

You visited 1 branch of the dungeon, and saw 3 of its levels.

You collected 109 gold pieces.

Inventory:

Hand Weapons
 n - a +2 short sword of holy wrath (weapon)
Armour
 a - a +0 robe (worn)
 f - a +0 kite shield (worn)
Jewellery
 j - an amulet of faith (around neck)
 u - an uncursed amulet of guardian spirit {unknown}
Scrolls
 b - 2 scrolls of teleportation
 d - a scroll of random uselessness {unknown}
 e - 2 scrolls of remove curse {unknown}
 k - 2 scrolls of fog
 m - 2 scrolls of enchant armour {unknown}
 o - a scroll of enchant weapon {unknown}
 p - a scroll of magic mapping {unknown}
 q - a scroll of amnesia {unknown}
 t - a scroll of fear {unknown}
 v - a scroll of identify
Potions
 g - a potion of brilliance {unknown}
 h - a potion of flight {unknown}
 i - a potion of curing {unknown}
 l - a potion of heal wounds
 r - a potion of berserk rage {unknown}
 s - a potion of cancellation {unknown}
Comestibles
 c - 5 rations


   Skills:
 + Level 1.4 Fighting
 + Level 1.4 Short Blades
 + Level 1.4 Long Blades
 + Level 1.4 Axes
 + Level 1.4 Maces & Flails
 + Level 1.4 Polearms
 + Level 1.4 Staves
 + Level 1.4 Slings
 + Level 1.4 Bows
 + Level 1.4 Crossbows
 + Level 1.4 Throwing
 + Level 1.4 Armour
 + Level 4.7 Dodging
 + Level 4.4 Stealth
 + Level 1.4 Shields
 + Level 1.4 Unarmed Combat
 + Level 5.2 Spellcasting
 + Level 1.1 Conjurations
 + Level 1.1 Hexes
 + Level 1.1 Charms
 + Level 1.1 Summonings
 + Level 1.1 Necromancy
 + Level 1.1 Translocations
 + Level 2.3 Transmutations
 + Level 1.1 Fire Magic
 + Level 1.1 Ice Magic
 + Level 1.1 Air Magic
 + Level 1.1 Earth Magic
 + Level 5.5 Poison Magic
 + Level 1.6 Invocations
 + Level 1.4 Evocations


You had 11 spell levels left.
You knew the following spells:

 Your Spells              Type           Power        Failure   Level  Hunger
a - Sting                 Tmut/Pois      ###.         14%         1    None
b - Poisonous Vapours     Pois/Air       ###...       28%         2    #......

Your spell library contained the following spells:

 Spells                   Type           Power        Failure   Level  Hunger
 Ignite Poison            Fire/Tmut/Pois ###.....     54%         3    ##.....
 Mephitic Cloud           Conj/Pois/Air  ##......     58%         3    ##.....
 Olgreb's Toxic Radiance  Pois           ###.....     58%         4    ####...


Dungeon Overview and Level Annotations

Branches:
Dungeon (3/15)

Altars:
Elyvilon
Gozag


Innate Abilities, Weirdness & Mutations

Your experience applies equally to all skills.
You have very sharp teeth.
Your uncanny sense of smell can sniff out nearby items.


Message History

You block the hornet's attack.
You feel yourself speed up.
You feel sick. You block the hornet's attack. You block the worm's attack.
You feel sick. The hornet barely misses you.
The hornet looks more healthy.
You feel sick. You block the hornet's attack. The hornet completely misses you.
You block the hornet's attack. The hornet stings you.
You suddenly lose the ability to move!
You feel sick. The hornet stings you.
You are more poisoned.
You feel yourself slow down.
You feel sick. The hornet barely misses you. The worm bites you!
* * * LOW HITPOINT WARNING * * *
The hornet stings you.
* * * LOW HITPOINT WARNING * * *
You shrug off the repeated paralysis!
You can move again.
* * * LOW HITPOINT WARNING * * *
You feel sick. The hornet stings you!
You die...

############## ##########
#............. .........#####
#.............
.............###.............
................@yw.>........
.............#.#.............
.............#.#.............
.............#.#.............
#....####....#.#.............
#....# #....#'##.....#######
+....## ####..........#
#.....# #....)..#'## #.....#
#.......#.########


You could see a hornet and a worm.

Vanquished Creatures
  A jelly (D:3)
  3 gnolls (D:2)
  5 adders
  2 worms (D:2)
  A dart slug (D:1)
  A leopard gecko (D:2)
  An orc (D:2)
  6 bats
  2 giant cockroaches (D:1)
  8 goblins
  5 hobgoblins
  2 jackals (D:3)
  A quokka (D:2)
  4 frilled lizards
  4 kobolds
  6 rats
52 creatures vanquished.

Notes
Turn   | Place    | Note
-------+----------+-------------------------------------------
     0 | D:1      | MarredHen the Gnoll Venom Mage began the quest for the Orb.
     0 | D:1      | Reached XP level 1. HP: 13/13 MP: 6/6
    90 | D:1      | Reached XP level 2. HP: 19/19 MP: 2/7
   938 | D:2      | Reached XP level 3. HP: 25/25 MP: 7/9
  1022 | D:2      | Reached skill level 5 in Spellcasting
  1031 | D:2      | Reached skill level 1 in Invocations
  1058 | D:2      | Reached skill level 1 in Fighting
  1058 | D:2      | Reached skill level 1 in Short Blades
  1058 | D:2      | Reached skill level 1 in Long Blades
  1058 | D:2      | Reached skill level 1 in Axes
  1058 | D:2      | Reached skill level 1 in Maces & Flails
  1058 | D:2      | Reached skill level 1 in Polearms
  1058 | D:2      | Reached skill level 1 in Staves
  1058 | D:2      | Reached skill level 1 in Slings
  1058 | D:2      | Reached skill level 1 in Bows
  1058 | D:2      | Reached skill level 1 in Crossbows
  1058 | D:2      | Reached skill level 1 in Throwing
  1058 | D:2      | Reached skill level 1 in Armour
  1058 | D:2      | Reached skill level 1 in Shields
  1058 | D:2      | Reached skill level 1 in Unarmed Combat
  1058 | D:2      | Reached skill level 1 in Evocations
  1107 | D:2      | Reached XP level 4. HP: 10/32 MP: 2/11
  1453 | D:2      | Found a white marble altar of Elyvilon.
  1474 | D:2      | Became a worshipper of Elyvilon the Healer
  1639 | D:2      | Learned a level 2 spell: Poisonous Vapours
  1743 | D:2      | Found a faded altar of an unknown god.
  2210 | D:2      | Reached skill level 1 in Conjurations
  2210 | D:2      | Reached skill level 1 in Hexes
  2210 | D:2      | Reached skill level 1 in Charms
  2210 | D:2      | Reached skill level 1 in Summonings
  2210 | D:2      | Reached skill level 1 in Necromancy
  2210 | D:2      | Reached skill level 1 in Translocations
  2210 | D:2      | Reached skill level 1 in Fire Magic
  2210 | D:2      | Reached skill level 1 in Ice Magic
  2210 | D:2      | Reached skill level 1 in Air Magic
  2210 | D:2      | Reached skill level 1 in Earth Magic
  2326 | D:2      | Reached XP level 5. HP: 31/37 MP: 3/12
  2832 | D:3      | Found an opulent altar of Gozag.
  2837 | D:3      | Reached * piety under Elyvilon
  2927 | D:3      | Noticed a hornet
  2938 | D:3      | Paralysed by a hornet for 3 turns
  2941 | D:3      | Mangled by a hornet

Illustrated notes

Levels and vault maps discovered:
D:1:      lightli_arrival_maybe_door_vault, layout_basic
D:2:      kennysheep_big_flooded_room, layout_loops_ring,
          nicolae_overflow_hidden_temple, chequers_ecumenical_altar_island,
          elyvilon_altar_3
D:3:      layout_basic, lemuel_crystal_altar, minmay_hedge_maze,
          minmay_misc_feat_ornament, mrwooster_statue_mirror

Skill      XL: |  1  2  3  4 |
---------------+-------------+-----
Transmutations | 2 |  2.3
Spellcasting   | 5 |  5.2
Invocations    | 1 |  1.6
Fighting       | 1 |  1.4
Short Blades   | 1 |  1.4
Long Blades    | 1 |  1.4
Axes           | 1 |  1.4
Maces & Flails | 1 |  1.4
Polearms       | 1 |  1.4
Staves         | 1 |  1.4
Slings         | 1 |  1.4
Bows           | 1 |  1.4
Crossbows      | 1 |  1.4
Throwing       | 1 |  1.4
Armour         | 1 |  1.4
Shields        | 1 |  1.4
Unarmed Combat | 1 |  1.4
Evocations     | 1 |  1.4
Conjurations   | 1 |  1.1
Hexes          | 1 |  1.1
Charms         | 1 |  1.1
Summonings     | 1 |  1.1
Necromancy     | 1 |  1.1
Translocations | 1 |  1.1
Fire Magic     | 1 |  1.1
Ice Magic      | 1 |  1.1
Air Magic      | 1 |  1.1
Earth Magic    | 1 |  1.1
Dodging        | |  4.7
Stealth        | |  4.4
Poison Magic   | |  5.5

Action                   |  1- 3 |  4- 6 || total
-------------------------+-------+-------++-------
Melee: Dagger            |     5 |       ||     5
       Bite              |     1 |       ||     1
       Short sword       |       |     3 ||     3
 Cast: Sting             |    46 |    69 ||   115
  Use: Scroll            |     3 |     1 ||     4
  Eat: Chunk             |       |     2 ||     2
       Ration            |       |     1 ||     1
Armor: Robe              |     5 |     1 ||     6
Dodge: Dodged            |    12 |    20 ||    32
Block: Kite shield       |     4 |    16 ||    20

Table legend:
 A = Non-vault XP
 B = Vault XP
 C = Vault XP percentage of total XP
 D = Non-vault monster count
 E = Vault monster count
 F = Vault count percentage of total count
                 A         B        C        D         E       F
            +---------+---------+-------+---------+---------+-------
      Total |     222 |       6 |   2.6 |      50 |       2 |   3.8
            +---------+---------+-------+---------+---------+-------
        D:1 |      31 |       0 |   0.0 |      18 |       0 |   0.0
        D:2 |     128 |       6 |   4.5 |      24 |       2 |   7.7
        D:3 |      63 |       0 |   0.0 |       8 |       0 |   0.0
            +---------+---------+-------+---------+---------+-------
